TOP OF THE 1ST |
Baffin Island Beavers batting - Pitching for New Orleans Looters : RHP Chris Martin
|
Pitching: RHP Chris Martin
|
|
Batting: LHB Sammy Marshall
|
0-0: Called Strike 0-1: Fly out, F8 (Flyball, 78M)
|
Batting: LHB Norberto Muńóz
|
0-0: Ball 1-0: Ball 2-0: Ball 3-0: Base on Balls
|
Batting: LHB Chris Bates
|
0-0: Ball 1-0: Ball 2-0: DOUBLE (Flyball, 89M) Norberto Muńóz to third
|
Batting: RHB Dave Craig
|
0-0: Called Strike 0-1: DOUBLE (Line Drive, 89D) Norberto Muńóz scores Chris Bates scores
|
Batting: LHB Lorenzo Villa
|
0-0: Foul Ball, location: 2F 0-1: Fly out, F8 (Flyball, 89M)
|
Batting: RHB José Aguilera
|
0-0: Reached via error on a dropped throw, E3 Dave Craig to third
|
Batting: LHB Mike MacFadden
|
0-0: Called Strike 0-1: Foul Ball, location: 2F 0-2: Ball 1-2: Foul Ball, location: 2F 1-2: Fly out, F9 (Flyball, 9S)
|
Top of the 1st over - 2 run(s), 2 hit(s), 1 error(s), 2 left on base; Baffin Island 2 - New Orleans 0 |
BOTTOM OF THE 1ST |
New Orleans Looters batting - Pitching for Baffin Island Beavers : RHP Jesse Little
|
Pitching: RHP Jesse Little
|
|
Batting: SHB Arturo Sánchez
|
0-0: Ball 1-0: Fly out, F2 (Popup, 23)
|
Batting: RHB Rubén Vázquez
|
0-0: Ball 1-0: Ball 2-0: Ground out 6-3 (Groundball, 6)
|
Batting: LHB Seung-chun Mun
|
0-0: SINGLE (Flyball, 89S)
|
Batting: LHB Taylor Smith
|
0-0: Ball 1-0: Fielders Choice at 2nd, 4-6 (Groundball, 4)
|
Bottom of the 1st over - 0 run(s), 1 hit(s), 0 error(s), 0 left on base; Baffin Island 2 - New Orleans 0 |
TOP OF THE 2ND |
Baffin Island Beavers batting - Pitching for New Orleans Looters : RHP Chris Martin
|
Batting: RHB Alden Isenhood
|
0-0: Ball 1-0: Ball 2-0: Ball 3-0: Called Strike 3-1: DOUBLE (Line Drive, 78M)
|
Batting: RHB Ángelo García
|
0-0: Ball 1-0: Swinging Strike 1-1: Swinging Strike 1-2: Ball 2-2: Strikes out looking
|
Batting: LHB Sammy Marshall
|
0-0: Ball 1-0: 2-RUN HOME RUN (Flyball, 89XD), Distance : 403 ft
|
Batting: LHB Norberto Muńóz
|
0-0: Foul Ball, location: 2F 0-1: Ground out 3-1 (Groundball, 23)
|
Batting: LHB Chris Bates
|
0-0: Called Strike 0-1: Called Strike 0-2: Ground out 4-3 (Groundball, 4)
|
Top of the 2nd over - 2 run(s), 2 hit(s), 0 error(s), 0 left on base; Baffin Island 4 - New Orleans 0 |
BOTTOM OF THE 2ND |
New Orleans Looters batting - Pitching for Baffin Island Beavers : RHP Jesse Little
|
Batting: RHB Stephen Shaw
|
0-0: Ball 1-0: Swinging Strike 1-1: Swinging Strike 1-2: Ball 2-2: Fly out, F7 (Line Drive, 7S)
|
Batting: RHB Dave O'Loan
|
0-0: Ball 1-0: Foul Ball, location: 2F 1-1: Foul Ball, location: 2F 1-2: Strikes out looking
|
Batting: LHB Eduardo Rodríguez
|
0-0: Ball 1-0: Ground out 4-3 (Groundball, 4S)
|
Bottom of the 2nd over - 0 run(s), 0 hit(s), 0 error(s), 0 left on base; Baffin Island 4 - New Orleans 0 |
TOP OF THE 3RD |
Baffin Island Beavers batting - Pitching for New Orleans Looters : RHP Chris Martin
|
Batting: RHB Dave Craig
|
0-0: Ball 1-0: Ball 2-0: Swinging Strike 2-1: Ball 3-1: Called Strike 3-2: SOLO HOME RUN (Flyball, 78XD), Distance : 388 ft
|
Batting: LHB Lorenzo Villa
|
0-0: Swinging Strike 0-1: Fly out, F5 (Popup, 5S)
|
Batting: RHB José Aguilera
|
0-0: Foul Ball, location: 2F 0-1: Ball 1-1: Ball 2-1: Ball 3-1: DOUBLE (Line Drive, 7LM)
|
Batting: LHB Mike MacFadden
|
0-0: Ball 1-0: Swinging Strike 1-1: Fly out, F9 (Line Drive, 9)
|
Batting: RHB Alden Isenhood
|
0-0: Swinging Strike 0-1: Ball 1-1: Ball 2-1: Ball 3-1: Called Strike 3-2: Fly out, F9 (Flyball, 9S)
|
Top of the 3rd over - 1 run(s), 2 hit(s), 0 error(s), 1 left on base; Baffin Island 5 - New Orleans 0 |
BOTTOM OF THE 3RD |
New Orleans Looters batting - Pitching for Baffin Island Beavers : RHP Jesse Little
|
Batting: RHB Run-ming Zhu
|
0-0: Ball 1-0: Swinging Strike 1-1: Called Strike 1-2: Strikes out swinging
|
Batting: LHB Miguel Colón
|
0-0: Ball 1-0: Foul Ball, location: 2F 1-1: Foul Ball, location: 2F 1-2: Foul Ball, location: 2F 1-2: SINGLE (Line Drive, 7S)
|
Batting: SHB Arturo Sánchez
|
0-0: Foul Ball, location: 2F 0-1: Ball 1-1: SINGLE (Groundball, 56S) (infield hit) Miguel Colón to second
|
Batting: RHB Rubén Vázquez
|
0-0: Ball 1-0: Ball 2-0: Called Strike 2-1: Ball 3-1: Reached on error, E5 (Groundball, 56) Miguel Colón to third Arturo Sánchez to second
|
Batting: LHB Seung-chun Mun
|
0-0: Called Strike 0-1: Called Strike 0-2: Ball 1-2: Ball 2-2: Ball 3-2: Ground out 4-3 (Groundball, 4S) Miguel Colón scores Arturo Sánchez to third Rubén Vázquez to second
|
Batting: LHB Taylor Smith
|
0-0: Ball 1-0: Ball 2-0: Ball 3-0: Called Strike 3-1: Called Strike 3-2: Foul Ball, location: 2F 3-2: Base on Balls
|
Batting: RHB Stephen Shaw
|
0-0: Foul Ball, location: 2F 0-1: Swinging Strike 0-2: Strikes out swinging
|
Bottom of the 3rd over - 1 run(s), 2 hit(s), 1 error(s), 3 left on base; Baffin Island 5 - New Orleans 1 |
TOP OF THE 4TH |
Baffin Island Beavers batting - Pitching for New Orleans Looters : RHP Chris Martin
|
Batting: RHB Ángelo García
|
0-0: Called Strike 0-1: DOUBLE (Line Drive, 89M)
|
Batting: LHB Sammy Marshall
|
0-0: Called Strike 0-1: Called Strike 0-2: Strikes out looking
|
Batting: LHB Norberto Muńóz
|
0-0: Foul Ball, location: 2F 0-1: Fly out, F7 (Flyball, 7LM)
|
Batting: LHB Chris Bates
|
0-0: Called Strike 0-1: Foul Ball, location: 2F 0-2: Ball 1-2: Ball 2-2: SINGLE (Flyball, 8LS) Ángelo García to third Runner from 3rd tries for Home, SAFE, no throw
|
Pitching: RHP Roy March
|
|
Batting: RHB Dave Craig
|
0-0: Ball 1-0: Foul Ball, location: 2F 1-1: Called Strike 1-2: Ball Chris Bates steals 2nd base 2-2: Foul Ball, location: 2F 2-2: SINGLE (Groundball, 6MD) Chris Bates to third Runner from 3rd tries for Home, SAFE, no throw
|
Batting: LHB Lorenzo Villa
|
0-0: Called Strike 0-1: Fielders Choice at 2nd, 4-6 (Groundball, 4)
|
Top of the 4th over - 2 run(s), 3 hit(s), 0 error(s), 0 left on base; Baffin Island 7 - New Orleans 1 |
BOTTOM OF THE 4TH |
New Orleans Looters batting - Pitching for Baffin Island Beavers : RHP Jesse Little
|
Batting: RHB Dave O'Loan
|
0-0: Called Strike 0-1: Swinging Strike 0-2: Strikes out swinging
|
Batting: LHB Eduardo Rodríguez
|
0-0: Ball 1-0: Ground out U3 (Groundball, 3S)
|
Batting: RHB Run-ming Zhu
|
0-0: Swinging Strike 0-1: Ball 1-1: Ball 2-1: Ball 3-1: Swinging Strike 3-2: Foul Ball, location: 2F 3-2: Ground out 5-3 (Groundball, 25)
|
Bottom of the 4th over - 0 run(s), 0 hit(s), 0 error(s), 0 left on base; Baffin Island 7 - New Orleans 1 |
TOP OF THE 5TH |
Baffin Island Beavers batting - Pitching for New Orleans Looters : RHP Roy March
|
Batting: RHB José Aguilera
|
0-0: Called Strike 0-1: Foul Ball, location: 2F 0-2: SINGLE (Line Drive, 4D)
|
Batting: LHB Mike MacFadden
|
0-0: SINGLE (Groundball, 6MD) José Aguilera to second Runner from 2nd tries for 3rd, SAFE, throw made to third
|
Batting: RHB Alden Isenhood
|
0-0: Ball 1-0: Ball 2-0: Ball 3-0: Called Strike 3-1: SINGLE (Line Drive, 6) José Aguilera scores Mike MacFadden to second
|
Batting: RHB Ángelo García
|
0-0: Ball 1-0: Reached via error on a dropped throw, E6 Mike MacFadden to third Alden Isenhood to second
|
Batting: LHB Sammy Marshall
|
0-0: Ball 1-0: Ball 2-0: Ball 3-0: Called Strike 3-1: Fielders Choice at 2nd, 4-6 (Groundball, 4) Mike MacFadden scores Alden Isenhood to third
|
Batting: LHB Norberto Muńóz
|
0-0: Called Strike 0-1: Grounds into double play, 4-6-3 (Groundball, 4)
|
Top of the 5th over - 2 run(s), 3 hit(s), 1 error(s), 1 left on base; Baffin Island 9 - New Orleans 1 |
BOTTOM OF THE 5TH |
New Orleans Looters batting - Pitching for Baffin Island Beavers : RHP Jesse Little
|
Batting: LHB Miguel Colón
|
0-0: Ball 1-0: Ball 2-0: Ground out 5-3 (Groundball, 5)
|
Batting: SHB Arturo Sánchez
|
0-0: Ball 1-0: Called Strike 1-1: Ball 2-1: Fly out, F7 (Flyball, 7LSF)
|
Batting: RHB Rubén Vázquez
|
0-0: Ball 1-0: Ball 2-0: DOUBLE (Line Drive, 7LM)
|
Batting: LHB Seung-chun Mun
|
0-0: Foul Ball, location: 2F 0-1: Ball 1-1: Ball 2-1: DOUBLE (Line Drive, 9LD) Rubén Vázquez scores
|
Batting: LHB Taylor Smith
|
0-0: Fly out, F8 (Line Drive, 8RXD)
|
Bottom of the 5th over - 1 run(s), 2 hit(s), 0 error(s), 1 left on base; Baffin Island 9 - New Orleans 2 |
TOP OF THE 6TH |
Baffin Island Beavers batting - Pitching for New Orleans Looters : RHP Roy March
|
Batting: LHB Chris Bates
|
0-0: Ball 1-0: Ball 2-0: Ball 3-0: Called Strike 3-1: Foul Ball, location: 2F 3-2: Fly out, F7 (Line Drive, 7)
|
Batting: RHB Dave Craig
|
0-0: Called Strike 0-1: SINGLE (Groundball, 56D)
|
Batting: LHB Lorenzo Villa
|
0-0: Called Strike 0-1: Ball 1-1: Ball 2-1: Ball 3-1: Foul Ball, location: 2F 3-2: DOUBLE (Line Drive, 89XD) Dave Craig to third Dave Craig scores
|
Pitching: RHP Robbie Daniel
|
|
Batting: RHB José Aguilera
|
0-0: Swinging Strike 0-1: Ball 1-1: Ground out 4-3 (Groundball, 4M) Lorenzo Villa to third
|
Batting: LHB Mike MacFadden
|
0-0: Swinging Strike 0-1: Ball 1-1: Ball 2-1: SINGLE (Line Drive, 7LS) Lorenzo Villa scores
|
Batting: RHB Alden Isenhood
|
0-0: Called Strike 0-1: Foul Ball, location: 2F 0-2: Ball 1-2: DOUBLE (Line Drive, 8LM) Mike MacFadden to third Runner from 3rd tries for Home, SAFE, no throw
|
Batting: RHB Ángelo García
|
0-0: DOUBLE (Flyball, 7) Alden Isenhood scores
|
Batting: LHB Sammy Marshall
|
0-0: Called Strike 0-1: Ball 1-1: Foul Ball, location: 2F 1-2: Fly out, F8 (Flyball, 8LS)
|
Top of the 6th over - 4 run(s), 5 hit(s), 0 error(s), 1 left on base; Baffin Island 13 - New Orleans 2 |
BOTTOM OF THE 6TH |
New Orleans Looters batting - Pitching for Baffin Island Beavers : RHP Jesse Little
|
Batting: RHB Stephen Shaw
|
0-0: Ball 1-0: Ball 2-0: Called Strike 2-1: Ball 3-1: Fly out, F5 (Line Drive, 56S)
|
Batting: RHB Dave O'Loan
|
0-0: SINGLE (Line Drive, 8LS)
|
Batting: LHB Eduardo Rodríguez
|
0-0: Ball 1-0: Ball 2-0: Fly out, F8 (Flyball, 89D)
|
Batting: RHB Run-ming Zhu
|
0-0: Ball 1-0: Called Strike 1-1: Foul Ball, location: 2F 1-2: Ball 2-2: Strikes out swinging
|
Bottom of the 6th over - 0 run(s), 1 hit(s), 0 error(s), 1 left on base; Baffin Island 13 - New Orleans 2 |
TOP OF THE 7TH |
Baffin Island Beavers batting - Pitching for New Orleans Looters : RHP Robbie Daniel
|
Batting: LHB Norberto Muńóz
|
0-0: Called Strike 0-1: Swinging Strike 0-2: Strikes out looking
|
Batting: LHB Chris Bates
|
0-0: Ball 1-0: Ball 2-0: SINGLE (Line Drive, 8LS)
|
Batting: RHB Dave Craig
|
0-0: Ball 1-0: Ball 2-0: Ball 3-0: Base on Balls Chris Bates to second
|
Batting: LHB Lorenzo Villa
|
0-0: Grounds into double play, 3-6-3 (Groundball, 34)
|
Top of the 7th over - 0 run(s), 1 hit(s), 0 error(s), 1 left on base; Baffin Island 13 - New Orleans 2 |
BOTTOM OF THE 7TH |
New Orleans Looters batting - Pitching for Baffin Island Beavers : RHP Jesse Little
|
Now at 1B: Ron Edwards
|
|
Batting: LHB Miguel Colón
|
0-0: Ball 1-0: Called Strike 1-1: DOUBLE (Line Drive, 8LD)
|
Batting: SHB Arturo Sánchez
|
0-0: Called Strike 0-1: Ball 1-1: Foul Ball, location: 2F 1-2: Ball 2-2: Fly out, F8 (Line Drive, 8LM)
|
Batting: RHB Rubén Vázquez
|
0-0: Called Strike 0-1: Ball Wild Pitch! Miguel Colón to third 1-1: Ball 2-1: Ball 3-1: Base on Balls
|
Batting: LHB Seung-chun Mun
|
0-0: Foul Ball, location: 2F 0-1: Foul Ball, location: 2F 0-2: Grounds into double play, 3-6-3 (Groundball, 34)
|
Bottom of the 7th over - 0 run(s), 1 hit(s), 0 error(s), 1 left on base; Baffin Island 13 - New Orleans 2 |
TOP OF THE 8TH |
Baffin Island Beavers batting - Pitching for New Orleans Looters : RHP Robbie Daniel
|
Batting: RHB José Aguilera
|
0-0: Ball 1-0: Fly out, F9 (Line Drive, 9)
|
Batting: LHB Mike MacFadden
|
0-0: Called Strike 0-1: Swinging Strike 0-2: Ball 1-2: Foul Ball, location: 2F 1-2: Ground out 6-3 (Groundball, 6)
|
Batting: RHB Alden Isenhood
|
0-0: Called Strike 0-1: Foul Ball, location: 2F 0-2: Foul Ball, location: 2F 0-2: Ball 1-2: SINGLE (Flyball, 9LS)
|
Batting: RHB Ángelo García
|
0-0: Foul Ball, location: 2F 0-1: Ball 1-1: Swinging Strike 1-2: Ball 2-2: SINGLE (Line Drive, 4MD) Alden Isenhood to second
|
Batting: LHB Sammy Marshall
|
0-0: Ball 1-0: Ball 2-0: SINGLE (Groundball, 34D) Alden Isenhood to third Ángelo García to second Runner from 3rd tries for Home, SAFE, no throw
|
Pitching: RHP Juan Flores
|
|
Pinch Hitting: RHB António Valdéz
|
0-0: Ball 1-0: Ground out 5-3 (Groundball, 56S)
|
Top of the 8th over - 1 run(s), 3 hit(s), 0 error(s), 2 left on base; Baffin Island 14 - New Orleans 2 |
BOTTOM OF THE 8TH |
New Orleans Looters batting - Pitching for Baffin Island Beavers : RHP Jesse Little
|
Pitching: LHP Cecil Bonekamp
|
|
Now in CF: Jeremy Flemming
|
|
Batting: LHB Taylor Smith
|
0-0: Ball 1-0: Ground out U3 (Groundball, 34)
|
Batting: RHB Stephen Shaw
|
0-0: Ball 1-0: Called Strike 1-1: Fly out, F9 (Flyball, 89M)
|
Batting: RHB Dave O'Loan
|
0-0: Swinging Strike 0-1: Swinging Strike 0-2: Ball 1-2: Ball 2-2: Ball 3-2: Foul Ball, location: 2F 3-2: Foul Ball, location: 2F 3-2: Foul Ball, location: 2F 3-2: Base on Balls
|
Batting: LHB Eduardo Rodríguez
|
0-0: Ball 1-0: Ball 2-0: Foul Ball, location: 2F 2-1: Foul Ball, location: 2F 2-2: Ball 3-2: Base on Balls Dave O'Loan to second
|
Batting: RHB Run-ming Zhu
|
0-0: Ball 1-0: Ball 2-0: Ball 3-0: Base on Balls Dave O'Loan to third Eduardo Rodríguez to second
|
Batting: LHB Miguel Colón
|
0-0: Ball 1-0: Fielders Choice at 2nd, U6 (Groundball, 6M)
|
Bottom of the 8th over - 0 run(s), 0 hit(s), 0 error(s), 3 left on base; Baffin Island 14 - New Orleans 2 |
TOP OF THE 9TH |
Baffin Island Beavers batting - Pitching for New Orleans Looters : RHP Juan Flores
|
Batting: LHB Chris Bates
|
0-0: Called Strike 0-1: Foul Ball, location: 2F 0-2: Ball 1-2: Ball 2-2: Ground out 1-3 (Groundball, 13)
|
Batting: RHB Dave Craig
|
0-0: Ball 1-0: Foul Ball, location: 2F 1-1: Ball 2-1: Foul Ball, location: 2F 2-2: Foul Ball, location: 2F 2-2: Ground out 1-3 (Groundball, 15)
|
Pinch Hitting: RHB Murdoch Norton
|
0-0: Called Strike 0-1: Ball 1-1: Ground out 6-3 (Groundball, 6)
|
Top of the 9th over - 0 run(s), 0 hit(s), 0 error(s), 0 left on base; Baffin Island 14 - New Orleans 2 |
BOTTOM OF THE 9TH |
New Orleans Looters batting - Pitching for Baffin Island Beavers : LHP Cecil Bonekamp
|
Now at 1B: Murdoch Norton
|
|
Batting: SHB Arturo Sánchez
|
0-0: Ground out 4-3 (Groundball, 4)
|
Batting: RHB Rubén Vázquez
|
0-0: Called Strike 0-1: Ball 1-1: Fly out, F3 (Line Drive, 3)
|
Batting: LHB Seung-chun Mun
|
0-0: Called Strike 0-1: Ball 1-1: Ball 2-1: Foul Ball, location: 2F 2-2: Foul Ball, location: 2F 2-2: Ball 3-2: Foul Ball, location: 2F 3-2: Foul Ball, location: 2F 3-2: Foul Ball, location: 2F 3-2: Base on Balls
|
Batting: LHB Taylor Smith
|
0-0: Fielders Choice at 2nd, U4 (Groundball, 4M)
|
Bottom of the 9th over - 0 run(s), 0 hit(s), 0 error(s), 1 left on base; Baffin Island 14 - New Orleans 2 |
|